 Dungeon Crawl Stone Soup version 0.25.0-33-gff14898491 (webtiles) character file.

Game seed: 15965293298428234891

126 Peloso the Skirmisher (level 4, -3/35 HPs)
             Began as a Demonspawn Fighter on July 7, 2020.
             Slain by a river rat (4 damage)
             ... on level 3 of the Dungeon.
             The game lasted 00:05:00 (1729 turns).

Peloso the Skirmisher (Demonspawn Fighter)          Turns: 1729, Time: 00:05:01

Health: -3/35      AC:  9    Str: 18    XL:     4   Next: 83%
Magic:  4/4        EV:  7    Int:  9    God:
Gold:   182        SH:  9    Dex: 12    Spells: 3/3 levels left

rFire    . . .     SeeInvis .   a - +1 long sword
rCold    . . .     Gourm    .   c - +0 kite shield
rNeg     . . .     Faith    .   b - +0 scale mail
rPois    .         Spirit   .   (no helmet)
rElec    .         Reflect  .   (no cloak)
rCorr    .         Harm     .   (no gloves)
MR       .....                  (no boots)
Stlth    ..........             (no amulet)
HPRegen  0.11/turn              (no ring)
MPRegen  0.09/turn              (no ring)

@: very slow
A: yellow scales 2
a: no special abilities


You were on level 3 of the Dungeon.
You were not hungry.

You visited 1 branch of the dungeon, and saw 3 of its levels.

You collected 182 gold pieces.

Inventory:

Hand Weapons
 a - a +1 long sword (weapon)
Armour
 b - a +0 scale mail (worn)
 c - a +0 kite shield (worn)
Scrolls
 e - a scroll of teleportation
 m - 2 scrolls of remove curse
 p - a scroll of fog {unknown}
 q - a scroll of random uselessness {unknown}
Potions
 d - a potion of might
 k - a potion of flight {unknown}
 l - a potion of cancellation {unknown}
 o - a potion of brilliance {unknown}
 r - a potion of invisibility {unknown}
Comestibles
 f - 3 rations
 h - 5 chunks of flesh


   Skills:
 + Level 3.5 Fighting
 + Level 3.1 Long Blades
 + Level 3.2 Armour
 + Level 0.4 Dodging
 + Level 3.4 Shields


You had 3 spell levels left.
You didn't know any spells.
Your spell library was empty.

Dungeon Overview and Level Annotations

Branches:
Dungeon (3/15)

Altars:
Elyvilon


Innate Abilities, Weirdness & Mutations

You are mostly covered in yellow scales. (AC +3)


Message History

You kill the worm!
Items here: ) ÷ †† a +0 club; a river rat corpse; a rat skeleton; a worm corpse You enter the shallow water.
Moving in this stuff is going to be slow.
An adder and 2 river rats come into view.
The adder hisses angrily.
You hear an angry hiss.
An adder comes into view.
Your unstable footing causes you to fumble your attack.
The river rat twitches its whiskers.
The river rat bites you.
* * * LOW HITPOINT WARNING * * *
You block the river rat's attack.
Unknown command.
The river rat barely misses you. You block the river rat's attack.
The river rat twitches its whiskers.
You block the river rat's attack.
The river rat bites you but does no damage.
The river rat bites you.
You die...

,**#######...###...........#
,,** ###..##...........#
,,,**** ##.##...<......#*
*,,,,,**#######..#...#...##
,,,,,,,,$...........##..##
,,,,**,*############)...#
,,,,**,**≈≈≈≈≈≈#≈≈≈#....#
,,,,**,**##**#≈#≈#≈#≈...#
,,,,*,,,*≈≈≈≈#≈#@#≈#≈...#
,,,,**,**≈*#≈≈≈rr#≈≈≈≈..#
,,,,**,****#####S#≈#≈...#
,,,,**,**≈≈≈≈S≈≈S#≈≈≈...#
,,,,**,**#≈#######≈#....#
,,,,**** *≈≈≈≈≈≈∩#≈≈≈...#
,,,,* ********#≈≈...## ,,,,*
####### ,,,,*


You could see 2 adders and 2 river rats.

Vanquished Creatures
  2 river rats (D:3)
  2 adders
  An ooze (D:2)
  4 worms (D:3)
  4 dart slugs
  A leopard gecko (D:2)
  2 ball pythons
  A giant cockroach (D:2)
  6 goblins
  7 hobgoblins
  4 jackals (D:1)
  13 bats
  4 frilled lizards
  7 kobolds
  8 rats
66 creatures vanquished.

Vanquished Creatures (others)
  A ball python (D:3)
1 creature vanquished.

Grand Total: 67 creatures vanquished

Notes
Turn   | Place    | Note
-------+----------+-------------------------------------------
     0 | D:1      | Peloso the Demonspawn Fighter began the quest for the Orb.
     0 | D:1      | Reached XP level 1. HP: 18/18 MP: 1/1
   133 | D:1      | Gained mutation: You are partially covered in yellow
                  | scales. (AC +2) [demonic ancestry]
   133 | D:1      | Reached XP level 2. HP: 24/24 MP: 2/2
   559 | D:1      | Gained mutation: You are mostly covered in yellow scales.
                  | (AC +3) [demonic ancestry]
   559 | D:1      | Reached XP level 3. HP: 26/29 MP: 3/3
  1500 | D:2      | Reached XP level 4. HP: 35/35 MP: 4/4
  1540 | D:3      | Found a white marble altar of Elyvilon.
  1673 | D:3      | HP: 1/35 [river rat (8)]
  1727 | D:3      | HP: 1/35 [river rat (5)]
  1729 | D:3      | Slain by a river rat

Illustrated notes

Levels and vault maps discovered:
D:1:      elethiomel_arrival_infinity_welcomes_careful_drivers, layout_basic,
          minmay_indecisive_spiral
D:2:      layout_rooms
D:3:      lemuel_castle_with_subvaults [lemuel_castle_interior_carwin_2],
          layout_rooms, grunt_dithmenos_smoke_and_mirrors, elyvilon_altar_4,
          lightli_sewer_entry_pipes, uniq_crazy_yiuf_cottage

Skill      XL: |  1  2  3  4 |
---------------+-------------+-----
Long Blades    | 2 3 |  3.1
Shields        | 3 |  3.4
Armour         | 3 |  3.2
Fighting       | |  3.5
Dodging        | |  0.4

Action                   |  1- 3 |  4- 6 || total
-------------------------+-------+-------++-------
Melee: Long sword        |   170 |    66 ||   236
  Use: Scroll            |       |     5 ||     5
       Potion            |       |     1 ||     1
  Eat: Chunk             |     2 |     1 ||     3
Armor: Scale mail        |   123 |    32 ||   155
Dodge: Dodged            |    63 |    13 ||    76
Block: Kite shield       |   115 |    41 ||   156
       Rpst.: Long sword |    15 |     4 ||    19
